 Dungeon Crawl Stone Soup version 0.23.0-3-gf3c87f2 (webtiles) character file.

Game seed: 9227116132634213778

61 Dordric the Unweaver (level 3, 0/29 HPs)
             Began as a Demonspawn Abyssal Knight on Feb 23, 2019.
             Was a Follower of Lugonu.
             Slain by a worm (6 damage)
             ... on level 2 of the Dungeon.
             The game lasted 00:02:10 (1854 turns).

Dordric the Unweaver (Demonspawn Abyssal Knight)    Turns: 1854, Time: 00:02:10

Health: 0/29       AC:  4    Str: 13    XL:     3   Next: 83%
Magic:  7/7        EV: 11    Int: 13    God:    Lugonu [*.....]
Gold:   36         SH:  0    Dex: 12    Spells: 2/2 levels left

rFire    . . .     SeeInvis .   a - +1 mace
rCold    . . .     Gourm    .   (no shield)
rNeg     . . .     Faith    .   b - +0 leather armour
rPois    .         Spirit   .   (no helmet)
rElec    .         Reflect  .   (no cloak)
rCorr    .         Harm     .   (no gloves)
MR       .....                  f - +0 pair of boots
Stlth    +.........             (no amulet)
HPRegen  0.09/turn              (no ring)
MPRegen  0.10/turn              (no ring)

@: no status effects
A: powered by death 1
a: Depart the Abyss, Renounce Religion


You were on level 2 of the Dungeon.
You worshipped Lugonu.
Lugonu was aware of your devotion.
You were very hungry.

You visited 1 branch of the dungeon, and saw 2 of its levels.
You visited the Abyss 1 time.

You collected 36 gold pieces.

Inventory:

Hand Weapons
 a - a +1 mace (weapon)
Armour
 b - a +0 leather armour (worn)
 f - a +0 pair of boots (worn)
Scrolls
 e - 2 scrolls of magic mapping {unknown}
 h - 2 scrolls of blinking {unknown}
 i - a scroll of remove curse {unknown}
 j - 2 scrolls of identify {unknown}
 k - a scroll of fear {unknown}
 l - a scroll of noise {unknown}
 m - a scroll of enchant weapon {unknown}
 n - a scroll of teleportation {unknown}
Potions
 d - a potion of might
 g - a potion of heal wounds {unknown}
 o - a potion of lignification {unknown}
Comestibles
 c - 3 rations


   Skills:
 - Level 3.0 Fighting
 - Level 1.7 Maces & Flails
 - Level 1.7 Armour
 - Level 0.8 Dodging
 + Level 5.5 Invocations


You had 2 spell levels left.
You didn't know any spells.
Your spell library was empty.

Dungeon Overview and Level Annotations

Branches:
Dungeon (2/15)

Altars:


Innate Abilities, Weirdness & Mutations

You regenerate a little health from kills.


Message History

You hit the worm but do no damage. The worm bites you!
You hit the worm.
The worm is lightly wounded.
The worm barely misses you.
You hit the worm.
The worm is lightly wounded.
The worm bites you.
You sock the worm!
The worm is severely wounded.
You hit the worm but do no damage.
The worm is severely wounded.
The worm barely misses you.
You hit the worm.
The worm is severely wounded.
The worm bites you.
* * * LOW HITPOINT WARNING * * *
You hit the worm.
The worm is almost dead.
The worm bites you.
You die...

..........w..........#
..........#......รท...#
..........###w##########
..........# #.# #......#
.......<..# #.# #(.....#
.>.........##.# #......#
######.+##.##.# #......#
. ...
.##.###......######....
#.#
.##...@w(<...'.........
#####.)....#######...
#......# #......#
########


You could see a worm.

Vanquished Creatures
  An ooze (D:1)
  A worm (D:2)
  5 dart slugs (D:1)
  2 leopard geckos
  A ball python (D:2)
  4 goblins (D:1)
  6 hobgoblins (D:1)
  3 jackals (D:1)
  6 kobolds
  4 bats (D:1)
  6 rats
39 creatures vanquished.

Notes
Turn   | Place    | Note
-------+----------+-------------------------------------------
     0 | Abyss:1  | Dordric the Demonspawn Abyssal Knight began the quest for
                  | the Orb.
     0 | Abyss:1  | Reached XP level 1. HP: 18/18 MP: 2/2
    87 | Abyss:1  | Noticed a small abomination
    88 | D:1      | Escaped the Abyss
   109 | D:1      | Reached skill level 3 in Invocations
   119 | D:1      | Gained mutation: You regenerate a little health from kills.
                  | [demonic ancestry]
   119 | D:1      | Reached XP level 2. HP: 8/24 MP: 2/4
   275 | D:1      | Reached skill level 4 in Invocations
   321 | D:1      | Reached * piety under Lugonu
   412 | D:1      | Reached XP level 3. HP: 19/29 MP: 6/6
   799 | D:1      | Reached skill level 5 in Invocations
  1854 | D:2      | Slain by a worm

Skill      XL: |  1  2  3 |
---------------+----------+-----
Invocations    | 3 4 5 |  5.5
Fighting       | |  3.0
Maces & Flails | |  1.7
Armour         | |  1.7
Dodging        | |  0.8

Action                   || total
-------------------------++-------
Melee: Mace              ||   154
Invok: Depart the Abyss  ||     1
  Use: Potion            ||     1
  Eat: Chunk             ||     2
Armor: Leather armour    ||    41
Dodge: Dodged            ||   106
